 Dungeon Crawl Stone Soup version 0.30-b1-5-g8e6c1be481 (webtiles) character file.

Game seed: 14216075172431473435

39786 Ijustatesigmund the Destroyer (level 14, -7/108 HPs)
             Began as a Gnoll Conjurer on May 4, 2023.
             Was the Champion of Cheibriados.
             Killed from afar by Roxanne (57 damage)
             ... with a crystal spear
             ... on level 15 of the Dungeon.
             The game lasted 00:39:36 (17283 turns).

Ijustatesigmund the Destroyer (Gnoll Conjurer)     Turns: 17283, Time: 00:39:37

Health: -7/108     AC: 19    Str: 21    XL:     14   Next: 8%
Magic:  33/37      EV: 25    Int: 39    God:    Cheibriados [******]
Gold:   606        SH:  5    Dex: 35    Spells: 17/34 levels left

rFire   . . .        p - +10 sling "Ruaxt" {freeze, rC+}
rCold   + . .        (no shield)
rNeg    + + .        y - +1 steam dragon scales
rPois   +            t - +2 helmet
rElec   .            D - +2 cloak {rPois}
rCorr   +            x - +1 pair of gloves
SInv    .            M - +1 pair of boots "Bozesch" {rCorr Dex+4}
Will    +....        J - amulet of Levity {Reflect rN+ SH+5}
Stlth   ++++++       P - ring "Fedoic" {rN+ MP+9}
HPRegen 0.38/turn    w - +6 ring of dexterity
MPRegen 0.25/turn

%: reflection
@: very slow
A: fangs 2, strong nose, distributed training, mutation resistance 1
a: Renounce Religion, Bend Time, Temporal Distortion, Slouch, Step From Time


You were on level 15 of the Dungeon.
You worshipped Cheibriados.
Cheibriados was exalted by your worship.
You visited 2 branches of the dungeon, and saw 16 of its levels.

You collected 846 gold pieces.
You spent 240 gold pieces at shops.

Inventory:

Hand Weapons
 e - a +4 trident
 p - the +10 sling "Ruaxt" (weapon) {freeze, rC+}
   (You found it on level 4 of the Dungeon)

   rC:        It protects you from cold.
Missiles
 h - 4 curare-tipped darts
 C - a throwing net
Armour
 t - a +2 helmet (worn)
 x - a +1 pair of gloves (worn)
 y - +1 steam dragon scales (worn)
 D - a +2 cloak of poison resistance (worn)
 I - +0 acid dragon scales
 L - a +0 troll leather armour
 M - the +1 pair of boots "Bozesch" (worn) {rCorr Dex+4}
   (You found it on level 10 of the Dungeon)

   Dex:       It affects your dexterity (+4).
   rCorr:     It protects you from acid and corrosion.
 X - a +2 pair of gloves of infusion
Jewellery
 j - a ring of willpower
 o - a ring of see invisible
 w - a +6 ring of dexterity (right hand)
 J - the amulet of Levity (around neck) {Reflect rN+ SH+5}
   (You acquired it on level 11 of the Dungeon)

   [amulet of reflection]

   It reflects blocked missile attacks.
   rN:        It protects you from negative energy.
   SH:        It affects your SH (+5).
 K - an amulet of faith
 N - a ring of ice
 P - the ring "Fedoic" (left hand) {rN+ MP+9}
   (You found it on level 13 of the Dungeon)

   [ring of magical power]

   rN:        It protects you from negative energy.
   MP:        It affects your magic capacity (+9).
 V - a ring of resist corrosion
Wands
 n - a wand of digging (4)
 s - a wand of acid (4)
 u - a wand of paralysis (12)
 G - a wand of polymorph (2)
 Z - a wand of mindburst (5)
Scrolls
 c - 3 scrolls of fear
 f - 3 scrolls of torment
 r - a scroll of amnesia
 A - 4 scrolls of teleportation
 E - a scroll of fog
 O - 2 scrolls of magic mapping
 Q - 2 scrolls of enchant weapon
 R - 2 scrolls of immolation
 S - a scroll of summoning {unknown}
 T - 2 scrolls of blinking
Potions
 a - a potion of berserk rage
 b - 3 potions of magic
 d - 3 potions of curing
 g - a potion of cancellation
 i - 5 potions of lignification
 k - 3 potions of flight
 l - 3 potions of haste
 m - a potion of brilliance
 q - 2 potions of mutation
 v - 4 potions of invisibility
 z - 2 potions of might
 B - 3 potions of heal wounds
 F - 2 potions of attraction
 H - 2 potions of ambrosia
Miscellaneous
 U - a phantom mirror
 W - a lightning rod (4/4)


   Skills:
 + Level 9.2 Fighting
 + Level 9.2 Short Blades
 + Level 9.2 Long Blades
 + Level 9.2 Axes
 + Level 9.2 Maces & Flails
 + Level 9.2 Polearms
 + Level 9.2 Staves
 + Level 9.2 Ranged Weapons
 + Level 9.2 Throwing
 + Level 9.2 Armour
 + Level 10.3 Dodging
 + Level 10.1 Stealth
 + Level 9.2 Shields
 + Level 9.2 Unarmed Combat
 + Level 10.5 Spellcasting
 + Level 10.5 Conjurations
 + Level 7.7 Hexes
 + Level 7.7 Summonings
 + Level 7.7 Necromancy
 + Level 7.7 Translocations
 + Level 7.7 Transmutations
 + Level 7.7 Fire Magic
 + Level 7.7 Ice Magic
 + Level 7.7 Air Magic
 + Level 7.7 Earth Magic
 + Level 7.7 Poison Magic
 + Level 10.0 Invocations
 + Level 9.2 Evocations


You had 17 spell levels left.
You knew the following spells:

 Your Spells              Type           Power      Damage    Failure   Level
a - Magic Dart            Conj           100%       1d8       1%          1
b - Searing Ray           Conj           100%       2d8       1%          2
c - Iskenderun's Mystic   Conj/Tloc      75%        2d15      1%          4
d - Hailstorm             Conj/Ice       75%        3d15      1%          3
e - Frozen Ramparts       Ice            100%       1d16      1%          3
f - Dispel Undead         Necr           69%        3d23      1%          4

Your spell library contained the following spells:

 Spells                   Type           Power      Damage    Failure   Level
 Apportation              Tloc           100%       N/A       1%          1
 Freeze                   Ice            100%       1d10      1%          1
 Kiss of Death            Conj/Necr      100%       2d13      1%          1
 Necrotise                Necr           100%       1d9       1%          1
 Summon Small Mammal      Summ           100%       N/A       1%          1
 Lesser Beckoning         Tloc           100%       N/A       1%          2
 Call Canine Familiar     Summ           69%        N/A       1%          3
 Confusing Touch          Hex            69%        N/A       1%          3
 Dazzling Flash           Conj/Hex       100%       N/A       1%          3
 Gell's Gravitas          Tloc           69%        N/A       1%          3
 Summon Guardian Golem    Hex/Summ       69%        N/A       1%          3
 Teleport Other           Tloc           69%        N/A       1%          3
 Vampiric Draining        Necr           69%        2d10      1%          3
 Fulminant Prism          Conj/Hex       37%        3d17      1%          4
 Agony                    Necr           69%        N/A       2%          5
 Dispersal                Tloc           34%        N/A       12%         6
 Simulacrum               Ice/Necr       34%        N/A       12%         6
 Ozocubu's Refrigeration  Ice            34%        4d15      54%         7
 Polar Vortex             Ice            34%        N/A       100%        9


Dungeon Overview and Level Annotations

Branches:
Dungeon (15/15)            Temple (1/1) D:5            Lair (0/5) D:10
    Orc (0/2) D:11         Vaults (0/5) D:14
 Depths: D:15

Altars:
Ashenzari
Cheibriados
Dithmenos
Elyvilon
Fedhas
Gozag
Hepliaklqana
Kikubaaqudgha
Makhleb
Nemelex Xobeh
Okawaru
Qazlal
Ru
Sif Muna
Trog
Uskayaw
Vehumet
Wu Jian
Xom
Yredelemnul
Zin
The Shining One

Shops:
D:1 (   D:5 =(*   D:11 =   D:14 *   D:15 :

Annotations:
D:5 2 transporters, shayaa's ghost, novice OpCj
D:8 2 transporters, rlgrobin's ghost, novice DsFi
D:12 3 runed translucent doors, Zirot's ghost, journeyman GrFi
D:15 Roxanne


Innate Abilities, Weirdness & Mutations

You have extremely sharp teeth.
Your uncanny sense of smell can sniff out nearby items.
Your experience applies equally to all skills.
You are somewhat resistant to further mutation.


Message History

You shoot a sling bullet. The sling bullet hits Roxanne.
Roxanne is heavily damaged.
Roxanne mumbles some strange words.
You blink.
You shoot a sling bullet.
The sling bullet hits Roxanne but does no damage.
Roxanne is heavily damaged.
You shoot a sling bullet.
The sling bullet hits Roxanne but does no damage.
Roxanne is heavily damaged.
You shoot a sling bullet. The sling bullet hits Roxanne!
Roxanne is heavily damaged.
You shoot a sling bullet. The sling bullet hits Roxanne!
Roxanne is heavily damaged.
Roxanne mumbles some strange words.
The crystal spear hits you!!!
You shoot a sling bullet.
The sling bullet hits Roxanne but does no damage.
Roxanne is heavily damaged.
You shoot a sling bullet.
The sling bullet hits Roxanne but does no damage.
Roxanne is heavily damaged.
Roxanne wails, "NOOOO!"
Roxanne casts a spell.
The crystal spear hits you!
You are too injured to fight recklessly!
You are too injured to fight recklessly!
You are too injured to fight recklessly!
You are too injured to fight recklessly!
You are too injured to fight recklessly!
You are too injured to fight recklessly!
You are too injured to fight recklessly!
Casting: Frozen Ramparts (safe; 1% risk of failure)
Confirm with . or Enter, or press ? or * to list all spells.
You erupt in a blast of force!
The mystic blast hits Roxanne!!
Roxanne is heavily damaged.
Roxanne casts a spell.
The crystal spear hits you!!!
Ouch! That really hurt!
You die...

#.......# #.. #
#......# #.# #.
##...#.# #.#
##.###########'##.###.#
.......##..[)...#......
#.....)..#.).#.#####.#
####..#..##.##.# #.#
.#####..##.##∩# .# #.#
.......@##.#### .. #.#
#####...#..# .. ..#
#.8....^ .## ###
#...###. ##### #.


You could see Roxanne.

Vanquished Creatures
  A stone giant (D:13)
  Fannar (D:10)
  A hydra (D:14)
  2 vault guards (D:14)
  A catoblepas (D:13)
  A boulder beetle (D:15)
  A death knight (D:14)
  3 two-headed ogres
  6 centaur warriors
  4 skeletal warriors (D:12)
  An orb spider (shapeshifter) (D:14)
  2 orc knights (D:15)
  2 wizards
  A necromancer (D:14)
  3 deep elf pyromancers
  A wolf spider (D:15)
  4 cyclopes
  3 ugly things
  A moth of wrath (D:8)
  2 manticores
  7 slime creatures
  Maggie (D:10)
  An unseen horror (D:12)
  3 meliai (D:14)
  2 trolls
  A jumping spider (shapeshifter) (D:14)
  18 yaks
  3 vampires
  4 wraiths
  21 humans (D:14)
  A steam dragon (D:6)
  17 vampire mosquitoes
  Edmund (D:5)
  2 wargs
  2 acid dragons
  A water moccasin (D:6)
  15 orc warriors
  5 ogres
  17 centaurs
  6 kobold brigands
  A bullfrog (D:7)
  A scorpion (shapeshifter) (D:13)
  4 gnoll sergeants
  A scorpion (D:7)
  5 wights (D:8)
  10 killer bees
  10 howler monkeys
  6 jellies
  14 hounds
  10 orc priests
  3 gnoll boudas (D:7)
  A sleepcap (D:5)
  An iguana (D:6)
  14 orc wizards
  16 gnolls
  10 adders
  3 white imps
  2 ufetubi
  3 worms (D:8)
  2 dart slugs
  41 orcs
  10 endoplasms
  2 giant cockroaches (D:1)
  13 goblins
  11 hobgoblins
  24 kobolds
  2 quokkas
  5 ball pythons
  7 bats
  3 frilled lizards
  8 rats
412 creatures vanquished.

Vanquished Creatures (others)
  An orc wizard (D:5)
  2 demonic plants (D:3)
  9 fungi (D:5)
  2 plants (D:7)
  7 toadstools (D:5)
21 creatures vanquished.

Grand Total: 433 creatures vanquished

Notes
Turn   | Place    | Note
-------+----------+-------------------------------------------
     0 | D:1      | Ijustatesigmund the Gnoll Conjurer began the quest for the
                  | Orb.
     0 | D:1      | Reached XP level 1. HP: 13/13 MP: 6/6
   521 | D:1      | Found Henagued's Weapon Boutique.
   540 | D:1      | Reached XP level 2. HP: 14/19 MP: 7/7
  1389 | D:2      | Reached skill level 5 in Spellcasting
  1389 | D:2      | Reached XP level 3. HP: 25/25 MP: 3/9
  1877 | D:2      | Reached skill level 1 in Invocations
  2068 | D:2      | Reached skill level 1 in Fighting
  2068 | D:2      | Reached skill level 1 in Short Blades
  2068 | D:2      | Reached skill level 1 in Long Blades
  2068 | D:2      | Reached skill level 1 in Axes
  2068 | D:2      | Reached skill level 1 in Maces & Flails
  2068 | D:2      | Reached skill level 1 in Polearms
  2068 | D:2      | Reached skill level 1 in Staves
  2068 | D:2      | Reached skill level 1 in Ranged Weapons
  2068 | D:2      | Reached skill level 1 in Throwing
  2068 | D:2      | Reached skill level 1 in Armour
  2068 | D:2      | Reached skill level 1 in Shields
  2068 | D:2      | Reached skill level 1 in Unarmed Combat
  2068 | D:2      | Reached skill level 1 in Evocations
  2100 | D:2      | Reached XP level 4. HP: 32/32 MP: 7/11
  2139 | D:2      | Learned a level 2 spell: Searing Ray
  2144 | D:2      | Learned a level 4 spell: Iskenderun's Mystic Blast
  2545 | D:3      | Reached skill level 1 in Hexes
  2545 | D:3      | Reached skill level 1 in Summonings
  2545 | D:3      | Reached skill level 1 in Necromancy
  2545 | D:3      | Reached skill level 1 in Translocations
  2545 | D:3      | Reached skill level 1 in Transmutations
  2545 | D:3      | Reached skill level 1 in Fire Magic
  2545 | D:3      | Reached skill level 1 in Ice Magic
  2545 | D:3      | Reached skill level 1 in Air Magic
  2545 | D:3      | Reached skill level 1 in Earth Magic
  2545 | D:3      | Reached skill level 1 in Poison Magic
  2565 | D:3      | Found a faded altar of an unknown god.
  2565 | D:3      | Noticed a shadow demon
  3336 | D:3      | Reached XP level 5. HP: 32/37 MP: 9/12
  3382 | D:4      | Identified the +10 sling "Ruaxt" {freeze, rC+}
  3902 | D:5      | Entered Level 5 of the Dungeon
  3943 | D:5      | Found a staircase to the Ecumenical Temple.
  3957 | Temple   | Entered the Ecumenical Temple
  4189 | Temple   | Became a worshipper of Cheibriados the Contemplative
  4214 | D:5      | Noticed Edmund
  4221 | D:5      | Killed Edmund
  4222 | D:5      | Reached skill level 5 in Dodging
  4222 | D:5      | Reached XP level 6. HP: 44/44 MP: 11/14
  4413 | D:5      | Reached XP level 7. HP: 37/50 MP: 11/15
  4532 | D:5      | Found Xoorph's Jewellery Shop.
  4572 | D:5      | Found a transporter.
  4574 | D:5      | Noticed shayaa's ghost (novice OpCj)
  4576 | D:5      | Found a transporter.
  4743 | D:5      | Reached * piety under Cheibriados
  4754 | D:5      | Reached skill level 5 in Stealth
  4767 | D:5      | Gained mutation: You are agile. (Dex +4, Str/Int -1)
                  | [potion of mutation]
  4767 | D:5      | Gained mutation: Your spells are a little easier to cast,
                  | but a little less powerful. [potion of mutation]
  4767 | D:5      | Gained mutation: You possess an exceptional clarity of
                  | mind. [potion of mutation]
  4768 | D:5      | Lost mutation: Your spells are a little easier to cast, but
                  | a little less powerful. [potion of mutation]
  4768 | D:5      | Lost mutation: You are agile. (Dex +4, Str/Int -1) [potion
                  | of mutation]
  4768 | D:5      | Gained mutation: You are frail. (-10% HP) [potion of
                  | mutation]
  4768 | D:5      | Gained mutation: Your spells are a little easier to cast,
                  | but a little less powerful. [potion of mutation]
  4768 | D:5      | Lost mutation: Your spells are a little easier to cast, but
                  | a little less powerful. [potion of mutation]
  4769 | D:5      | Lost mutation: You possess an exceptional clarity of mind.
                  | [potion of mutation]
  4769 | D:5      | Lost mutation: You are frail. (-10% HP) [potion of
                  | mutation]
  4769 | D:5      | Gained mutation: You are somewhat resistant to further
                  | mutation. [potion of mutation]
  4769 | D:5      | Gained mutation: You have extremely sharp teeth. [potion of
                  | mutation]
  4858 | D:5      | Found Sabatill's General Store.
  4871 | D:5      | Found Rikliox's Weapon Shoppe.
  5048 | D:5      | Noticed a slime creature
  5057 | D:5      | Noticed a slime creature
  5069 | D:5      | Killed a large slime creature
  5070 | D:5      | Reached XP level 8. HP: 26/58 MP: 1/17
  5456 | D:6      | Found a stormy altar of Qazlal.
  6351 | D:7      | Reached ** piety under Cheibriados
  6363 | D:7      | Reached XP level 9. HP: 46/65 MP: 18/18
  6958 | D:5      | Bought a +2 cloak of poison resistance for 240 gold pieces
  7150 | D:7      | Reached skill level 5 in Invocations
  7322 | D:7      | Reached *** piety under Cheibriados
  7352 | D:7      | Noticed a troll
  7357 | D:7      | Killed a troll
  7358 | D:7      | Reached skill level 5 in Fighting
  7358 | D:7      | Reached skill level 5 in Short Blades
  7358 | D:7      | Reached skill level 5 in Long Blades
  7358 | D:7      | Reached skill level 5 in Axes
  7358 | D:7      | Reached skill level 5 in Maces & Flails
  7358 | D:7      | Reached skill level 5 in Polearms
  7358 | D:7      | Reached skill level 5 in Staves
  7358 | D:7      | Reached skill level 5 in Ranged Weapons
  7358 | D:7      | Reached skill level 5 in Throwing
  7358 | D:7      | Reached skill level 5 in Armour
  7358 | D:7      | Reached skill level 5 in Shields
  7358 | D:7      | Reached skill level 5 in Unarmed Combat
  7358 | D:7      | Reached skill level 5 in Evocations
  7358 | D:7      | Reached XP level 10. HP: 61/74 MP: 20/20
  7585 | D:7      | Reached **** piety under Cheibriados
  7754 | D:8      | Found a transporter.
  7845 | D:8      | Found a transporter.
  7855 | D:8      | Noticed rlgrobin's ghost (novice DsFi)
  7857 | D:8      | Noticed a moth of wrath
  8314 | D:8      | Noticed a moth of wrath
  8318 | D:8      | Found a bloodstained altar of Trog.
  8549 | D:8      | Killed a moth of wrath
  8648 | D:8      | Learned a level 3 spell: Hailstorm
  8652 | D:8      | Learned a level 3 spell: Frozen Ramparts
  8678 | D:9      | Noticed a two-headed ogre
  8684 | D:9      | Killed a two-headed ogre
  8834 | D:9      | Found a radiant altar of Vehumet.
  9135 | D:9      | Reached ***** piety under Cheibriados
  9281 | D:9      | Found an ancient bone altar of Kikubaaqudgha.
  9282 | D:9      | Found a shimmering blue altar of Sif Muna.
  9287 | D:9      | Got Sif Muna's Directory of Wanderlust
  9432 | D:10     | Entered Level 10 of the Dungeon
  9458 | D:10     | Noticed Fannar
  9483 | D:10     | Killed Fannar
  9484 | D:10     | Reached skill level 5 in Hexes
  9484 | D:10     | Reached skill level 5 in Summonings
  9484 | D:10     | Reached skill level 5 in Necromancy
  9484 | D:10     | Reached skill level 5 in Translocations
  9484 | D:10     | Reached skill level 5 in Transmutations
  9484 | D:10     | Reached skill level 5 in Fire Magic
  9484 | D:10     | Reached skill level 5 in Ice Magic
  9484 | D:10     | Reached skill level 5 in Air Magic
  9484 | D:10     | Reached skill level 5 in Earth Magic
  9484 | D:10     | Reached skill level 5 in Poison Magic
  9484 | D:10     | Reached XP level 11. HP: 61/81 MP: 10/23
  9626 | D:10     | Found a sparkling altar of Nemelex Xobeh.
  9821 | D:10     | Noticed Maggie
  9826 | D:10     | Killed Maggie
 10032 | D:10     | Noticed a two-headed ogre
 10036 | D:10     | Killed a two-headed ogre
 10191 | D:10     | Found a staircase to the Lair.
 10225 | D:10     | Identified the +1 pair of boots "Bozesch" {rCorr Dex+4}
 10279 | D:10     | Found a glowing silver altar of Zin.
 10279 | D:10     | Found a shadowy altar of Dithmenos.
 10511 | D:11     | Noticed a cyclops
 10519 | D:11     | Killed a cyclops
 10607 | D:11     | Noticed a green ugly thing
 10626 | D:11     | Killed a green ugly thing
 10846 | D:11     | Found a staircase to the Orcish Mines.
 10972 | D:11     | Identified a scroll of acquirement
 10972 | D:11     | Acquired the amulet of Levity {Reflect rN+ SH+5}
 11079 | D:11     | Found Ibu Zeca's Jewellery Shoppe.
 11389 | D:12     | Reached ****** piety under Cheibriados
 11392 | D:12     | Reached XP level 12. HP: 72/91 MP: 24/24
 11675 | D:12     | Learned a level 4 spell: Dispel Undead
 12032 | D:12     | Found a runed translucent gate.
 12043 | D:12     | Found a runed translucent gate.
 12043 | D:12     | Found a runed translucent gate.
 12044 | D:12     | Noticed a centaur warrior
 12476 | D:12     | Noticed a merfolk impaler
 12477 | D:12     | Identified the +0 leather armour of the Hall of Blades
                  | {rF+}
 12477 | D:12     | Noticed a tengu warrior
 12477 | D:12     | Noticed a naga warrior
 12478 | D:12     | Noticed Zirot's ghost (journeyman GrFi)
 12478 | D:12     | Identified the staff of air "Happid" {rElec Int+2 Stlth+}
 12478 | D:12     | Noticed a centaur warrior
 12712 | D:12     | Found an iron altar of Okawaru.
 12870 | D:13     | Noticed a two-headed ogre
 12875 | D:13     | Killed a two-headed ogre
 12909 | D:13     | Noticed a centaur warrior
 12913 | D:13     | Killed a centaur warrior
 13016 | D:13     | Noticed a stone giant
 13019 | D:13     | Found a runed translucent door.
 13021 | D:13     | Noticed a catoblepas
 13021 | D:13     | Noticed a centaur warrior
 13160 | D:13     | Noticed a centaur warrior
 13168 | D:13     | Killed a centaur warrior
 13333 | D:13     | Noticed an entropy weaver
 14199 | D:13     | Killed a catoblepas
 14200 | D:13     | Reached XP level 13. HP: 88/98 MP: 4/26
 14341 | D:13     | Killed a stone giant
 14612 | D:13     | Identified the ring "Fedoic" {rN+ MP+9}
 14694 | D:14     | Reached skill level 10 in Conjurations
 14968 | D:14     | Found Jotzeimu's Island Escapes.
 15286 | D:14     | Reached skill level 10 in Spellcasting
 15593 | D:14     | Identified the +3 flail "Widowmaker" {pain, rPois MP-9
                  | Int+6}
 15928 | D:14     | Reached skill level 10 in Dodging
 15931 | D:14     | Noticed a vault guard
 15936 | D:14     | Noticed a vault guard
 15943 | D:14     | Killed a vault guard
 15951 | D:14     | Killed a vault guard
 16082 | D:14     | Found a gate to the Vaults.
 16623 | D:14     | Reached skill level 10 in Stealth
 16788 | D:15     | Entered Level 15 of the Dungeon
 17026 | D:15     | Reached skill level 10 in Invocations
 17026 | D:15     | Reached XP level 14. HP: 108/108 MP: 6/28
 17214 | D:15     | Found Vuemafuc's Tiny Tomes.
 17252 | D:15     | Noticed Roxanne
 17283 | D:15     | Killed from afar by Roxanne

Illustrated notes

Levels and vault maps discovered:
D:1:      dpeg_arrival_simpleton_b, layout_basic, serial_shops,
          nicolae_shop_tiny_real_fake_doors
D:2:      layout_basic, minmay_misc_feat_encased
D:3:      layout_loops_ring, dreamdust_ecumenical_altar_sealed_demon
D:4:      layout_basic, minmay_goblin_outpost
D:5:      cheibrodos_fertilizer, layout_basic, minmay_temple_entry_large_hall,
          gammafunk_ghost_smash, serial_shops, nicolae_shop_getting_attention,
          shop, shop, uniq_edmund
D:6:      layout_basic, nicolae_qazlal_scattered_showers
D:7:      lemuel_castle_with_subvaults [lemuel_castle_interior_carwin_1],
          layout_loops_ring, st_stairs_4
D:8:      layout_loops_ring, tgw_trog, gammafunk_ghost_berserking_beasts,
          small_statue_alley_b
D:9:      layout_rooms, grunt_temple_overflow_magic_moments,
          hangedman_decor_opposing, minivault_5
D:10:     layout_irregular_city, nemelex_altar_shiori,
          nicolae_overflow_two_pavilions, lair_entry_dummy, serial_column_ruins,
          column_ruins_corridor_straight, column_ruins_columns_straight,
          column_ruins_grid_1, column_ruins_open_tiny, uniq_maggie, uniq_fannar
D:11:     layout_small_grid, david_orc_3, serial_shops, nicolae_shop_tiny_glass
D:12:     layout_basic, gammafunk_ghost_fury_of_okawaru
D:13:     layout_stronghold, minmay_st_funbox
D:14:     minmay_general_purpose_star, layout_basic, grunt_vaults_entry_tiered,
          nicolae_island_escapes
D:15:     grunt_enter_depths_hoard, layout_loops_corners, minivault_27,
          nicolae_shop_i_like_small_books_too, uniq_roxanne
Temple:   eino_temple_water

Skill      XL: |  1  2  3  4  5  6  7  8  9 10 11 12 13 |
---------------+----------------------------------------+-----
Spellcasting   | 5 6 7 8 9 10 | 10.5
Invocations    | 1 2 3 4 5 6 7 8 10 | 10.0
Fighting       | 1 2 3 4 5 6 7 8 9 |  9.2
Short Blades   | 1 2 3 4 5 6 7 8 9 |  9.2
Long Blades    | 1 2 3 4 5 6 7 8 9 |  9.2
Axes           | 1 2 3 4 5 6 7 8 9 |  9.2
Maces & Flails | 1 2 3 4 5 6 7 8 9 |  9.2
Polearms       | 1 2 3 4 5 6 7 8 9 |  9.2
Staves         | 1 2 3 4 5 6 7 8 9 |  9.2
Ranged Weapons | 1 2 3 4 5 6 7 8 9 |  9.2
Throwing       | 1 2 3 4 5 6 7 8 9 |  9.2
Armour         | 1 2 3 4 5 6 7 8 9 |  9.2
Shields        | 1 2 3 4 5 6 7 8 9 |  9.2
Unarmed Combat | 1 2 3 4 5 6 7 8 9 |  9.2
Evocations     | 1 2 3 4 5 6 7 8 9 |  9.2
Hexes          | 1 2 3 4 5 6 7 |  7.7
Summonings     | 1 2 3 4 5 6 7 |  7.7
Necromancy     | 1 2 3 4 5 6 7 |  7.7
Translocations | 1 2 3 4 5 6 7 |  7.7
Transmutations | 1 2 3 4 5 6 7 |  7.7
Fire Magic     | 1 2 3 4 5 6 7 |  7.7
Ice Magic      | 1 2 3 4 5 6 7 |  7.7
Air Magic      | 1 2 3 4 5 6 7 |  7.7
Earth Magic    | 1 2 3 4 5 6 7 |  7.7
Poison Magic   | 1 2 3 4 5 6 7 |  7.7
Dodging        | 5 6 7 8 9 10 | 10.3
Stealth        | 5 6 7 8 9 10 | 10.1
Conjurations   | 8 9 10 | 10.5

Action                     |  1- 3 |  4- 6 |  7- 9 | 10-12 | 13-15 || total
---------------------------+-------+-------+-------+-------+-------++-------
  Melee: Unarmed           |     4 |       |       |       |     1 ||     5
         Bite              |     1 |     1 |       |       |     1 ||     3
         Flail             |       |     5 |       |       |       ||     5
   Fire: Sling             |       |    48 |   194 |   542 |   216 ||  1000
   Cast: Magic Dart        |    62 |    46 |       |     1 |       ||   109
         Searing Ray       |       |     4 |     3 |     1 |       ||     8
         Iskenderun's Myst |       |       |     9 |    32 |    36 ||    77
         Frozen Ramparts   |       |       |       |     3 |    13 ||    16
         Dispel Undead     |       |       |       |     6 |       ||     6
 Invoke: Slouch            |       |       |       |       |     1 ||     1
  Evoke: Wand              |       |       |       |     7 |     4 ||    11
    Use: Scroll            |       |       |     5 |    16 |     6 ||    27
         Potion            |       |       |     3 |     2 |       ||     5
 Armour: Robe              |       |     2 |    11 |    22 |       ||    35
         Steam dragon scal |       |       |       |    54 |    33 ||    87
         Acid dragon scale |       |       |       |     2 |       ||     2
  Dodge: Dodged            |     3 |    24 |    46 |   220 |    98 ||   391
  Block: Other             |       |       |       |    31 |    22 ||    53
         Reflection        |       |       |       |     9 |     6 ||    15
